 Dungeon Crawl Stone Soup version 0.27.1-4-g1640c2035a (webtiles) character file.

Game seed: 2137391386093354161

40 Stomo444 the Cudgeller (level 3, 0/28 HPs)
             Began as a Demonspawn Gladiator on Nov 16, 2021.
             Slain by a gnoll (13 damage)
             ... on level 1 of the Dungeon.
             The game lasted 00:02:26 (901 turns).

Stomo444 the Cudgeller (Demonspawn Gladiator)        Turns: 901, Time: 00:02:26

Health: 0/28       AC:  8    Str: 15    XL:     3   Next: 30%
Magic:  3/3        EV: 11    Int:  9    God:
Gold:   60         SH:  0    Dex: 14    Spells: 2/2 levels left

rFire    . . .     SeeInvis .   a - +0 flail
rCold    . . .     Faith    .   (no shield)
rNeg     . . .     Spirit   .   g - +1 ring mail {rPois}
rPois    +         Reflect  .   c - +0 helmet
rElec    .         Harm     .   (no cloak)
rCorr    .         Rampage  .   k - +0 pair of gloves
Will     .....                  (no boots)
Stlth    +.........             (no amulet)
HPRegen  0.09/turn              (no ring)
MPRegen  0.08/turn              (no ring)

@: no status effects
A: powered by death 1
a: no special abilities


You were on level 1 of the Dungeon.
You visited 1 branch of the dungeon, and saw 2 of its levels.

You collected 60 gold pieces.

Inventory:

Hand Weapons
 a - a +0 flail (weapon)
Missiles
 d - 3 throwing nets (quivered)
Armour
 b - a +0 leather armour
 c - a +0 helmet (worn)
 g - a +1 ring mail of poison resistance (worn)
 k - a +0 pair of gloves (worn)
Scrolls
 e - a scroll of fog {unknown}
 i - 2 scrolls of identify {unknown}
 j - a scroll of enchant armour {unknown}
Potions
 f - a potion of lignification {unknown}
 h - a potion of haste {unknown}


   Skills:
 + Level 2.5 Fighting
 + Level 3.1 Maces & Flails
 - Level 1.7 Throwing
 + Level 1.1 Armour
 + Level 3.0 Dodging


You had 2 spell levels left.
You didn't know any spells.
Your spell library was empty.

Dungeon Overview and Level Annotations

Branches:
Dungeon (2/15)

Altars:

Shops:
D:1 !


Innate Abilities, Weirdness & Mutations

You regenerate a little health from kills.


Message History

You kill the rat!
You barely miss the gnoll. The gnoll hits you with a +0 club.
You hit the gnoll.
The gnoll is moderately wounded.
The gnoll hits you with a +0 club. The gnoll hits you but does no damage.
You sock the gnoll!
You kill the gnoll!
No target in view!
You see here a +0 club.
HP restored. 2 gnolls come into view.
The gnoll shouts!
The gnoll barely misses you.
There are monsters nearby!
There are monsters nearby!
There are monsters nearby!
You see here a +0 club.
The gnoll hits you from afar with a +0 halberd!
There is a stone staircase leading up here.
You climb upwards.
There is a stone staircase leading down here.
You start resting.
HP restored.
You climb downwards.
The gnoll completely misses you. The gnoll hits you but does no damage.
The gnoll misses you.
There is a stone staircase leading up here.
The gnoll hits you with a +0 spear. The gnoll hits you with a +0 halberd.
There is a stone staircase leading up here.
The gnoll hits you with a +0 spear. The gnoll barely misses you.
You climb upwards.
There is a stone staircase leading down here.
You sock the gnoll!
The gnoll is heavily wounded.
The gnoll hits you with a +0 spear. The gnoll barely misses you. x2
Unknown command.
You hit the gnoll.
The gnoll is severely wounded.
The gnoll hits you with a +0 halberd. The gnoll hits you with a +0 spear.
The gnoll hits you with a +0 halberd!
You die...

.##............#.....## ##.
..#...####..(......#..# ##
.........#.......####.# #
.......#.#............##
.........#......#####..#####
................#..........#
.#.........................#
.#.###.......#...g.........#
.#.###..........@.##########
...##..###......g.........#######
..#)รท.##
##.......#######.......# ###.###
#...#........##.......# #.#
#...##..####..........#
###.#######...##...# ####.......#
..............###..# #.......#
..........#...# #### #.......#
...)..........# #.......#


You could see 2 gnolls.

Vanquished Creatures
  A gnoll (D:2)
  A dart slug (D:1)
  2 endoplasms (D:1)
  3 goblins (D:1)
  4 hobgoblins (D:1)
  4 kobolds (D:1)
  3 quokkas (D:1)
  3 ball pythons (D:1)
  3 bats (D:1)
  A frilled lizard (D:1)
  2 rats
27 creatures vanquished.

Notes
Turn   | Place    | Note
-------+----------+-------------------------------------------
     0 | D:1      | Stomo444 the Demonspawn Gladiator began the quest for the
                  | Orb.
     0 | D:1      | Reached XP level 1. HP: 16/16 MP: 1/1
   231 | D:1      | Gained mutation: You regenerate a little health from kills.
                  | [demonic ancestry]
   231 | D:1      | Reached XP level 2. HP: 22/22 MP: 2/2
   393 | D:1      | Found Kouhol's Distillery.
   439 | D:1      | Reached skill level 1 in Armour
   536 | D:1      | Reached XP level 3. HP: 28/28 MP: 3/3
   901 | D:1      | Slain by a gnoll

Illustrated notes

Levels and vault maps discovered:
D:1:      amcnicky_arrival_gap_in_the_tavern_cellar, layout_rooms, serial_shops,
          shop
D:2:      layout_loops_cross

Skill      XL: |  1  2 |
---------------+-------+-----
Maces & Flails | 3 |  3.1
Armour         | 1 |  1.1
Dodging        | 3 |  3.0
Fighting       | |  2.5
Throwing       | |  1.7

Action                   || total
-------------------------++-------
Melee: Flail             ||    73
Armor: Leather armour    ||    21
       Ring mail         ||    25
Dodge: Dodged            ||    72
